cohdb
Replays
Latest Replays
All Replays
Popular Replays
Top Player Replays
Match Explorer
How It Works
Community
CoH3 Stats
Reddit
Sign in to upload your games and track your stats! →
Sign in with Steam
Match 45791360
Unlisted
Match 45791360
Overview
Messages
Build Orders
End
Pioneer Squad
Construct Infanterie Kompanie
Selects Breakthrough Battlegroup
Selects Assault Grenadiers
Grenadier Squad
Grenadier Squad
Grenadier Squad
Infanterie Officer Quarters
Selects Smoke Bombing Run
MG 42 Machine Gun Team
Construct Panzergrenadier Kompanie
Selects Mechanized Assault Group
Pak 40 Anti-tank Gun Team
Pak 40 Anti-tank Gun Team
Construct Panzer Kompanie
Selects Rapid Production
Panzer IV Medium Tank
Selects Blitzkrieg
Medical Bunker
Panzer IV Medium Tank
Stoßtruppen Squad
Selects Tiger Heavy Tank
Tiger Heavy Tank
Pioneer Squad
Blitzkrieg
Smoke Bombing Run
✠Kaiser✠ tushkan
Wolfe
0
0
Comments
sign in to comment!
No comments posted yet!